Map: Whispers of Gold

Players

SZNightMare (NightMare) - Winner!

  • Race: Protoss Protoss
  • Spawn Location: 9:00

Lambo

  • Race: Zerg Zerg
  • Spawn Location: 5:00

Event: HomeStory Cup XXVI

VOD

Have the link to the VOD?

Description

Time

  • Played on: Nov. 29, 2024, 8:26 a.m.
  • Length: 14:03

All games in this series

Show
View Real Time Build Order
Export as new Build Order

SZNightMare Protoss - Winner!

Build Orders: 1 Gate Expand, Dark Templar Rush 

Get SALT Encoding   

  12  0:00  Probe  
  13  0:12  Probe  
  14  0:19  Pylon  
  14  0:24  Probe  
  15  0:34  Probe  
  15  0:39  Gateway  
  15  0:42  Probe  
  17  0:51  Probe  
  17  0:53  Assimilator  
  18  1:03  Probe  
  19  1:16  Probe  
  20  1:28  Cybernetics Core  
  20  1:34  Nexus  
  20  1:38  Probe  
  21  1:43  Assimilator  
  21  1:50  Probe  
  21  1:53  Pylon  
  22  2:01  Adept  
  22  2:02  Probe  
  22  2:06  Warp Gate  
  23  2:10  Probe  
  26  2:18  Probe  
  27  2:25  Twilight Council  
  27  2:28  Probe  
  27  2:30  Stalker  
  30  2:41  Probe  
  31  2:46  Probe  
  31  2:51  Robotics Facility  
  32  2:53  Probe  
  33  2:58  Probe  
  33  3:05  Probe  
  35  3:11  Probe  
  36  3:14  Dark Shrine  
  36  3:18  Gateway, Probe  
  37  3:23  Probe  
  38  3:28  Gateway  
  38  3:31  Probe  
  39  3:34  Warp Prism  
  39  3:35  Probe  
  39  3:36  Pylon  
  40  3:46  Probe  
  40  3:48  Probe  
  44  3:57  Pylon  
  44  3:58  Probe  
  44  4:00  Adept, Probe  
  48  4:03  Assimilator  
  48  4:10  Probe  
  48  4:12  Probe  
  50  4:20  Pylon  
  50  4:23  Blink  
  50  4:35  Dark Templar x3  
  50  4:37  Probe  
  50  4:38  Probe  
  58  4:54  Nexus  
  58  4:55  Pylon  
  58  5:01  Gateway  
  58  5:02  Gateway  
  58  5:03  Observer  
  58  5:05  Gateway  
  59  5:10  Probe x2  
  59  5:12  Assimilator  
  59  5:13  Pylon  
  61  5:15  Stalker  
  61  5:20  Stalker  
  65  5:22  Stalker  
  65  5:25  Probe x2  
  69  5:28  Shield Battery  
  69  5:32  Pylon  
  69  5:38  Pylon  
  69  5:39  Probe  
  69  5:40  Probe  
  69  5:41  Pylon  
  71  5:51  Probe  
  71  5:52  Probe  
  73  5:58  Stalker x4  
  81  6:05  Stalker x2  
  85  6:17  Probe x3  
  88  6:29  Stalker x5  
  88  6:31  Stalker  
  100  6:39  Pylon  
  100  6:51  Stalker x5  
  100  6:53  Stalker  
  96  7:12  Stalker x4  
  100  7:20  Stalker  
  100  7:21  Stalker  
  104  7:24  Forge, Probe x2  
  104  7:27  Gateway  
  96  7:35  Stalker x3  
  96  7:36  Stalker  
  100  7:45  Observer  
  100  7:46  Probe x2  
  100  7:49  Stalker x2  
  100  7:51  Probe  
  95  7:53  Assimilator  
  95  7:58  Stalker x2, Probe x2  
  95  8:03  Probe  
  95  8:04  Stalker x2  
  104  8:08  Assimilator  
  104  8:11  Charge  
  104  8:17  Stalker x2  
  104  8:18  Probe x3  
  107  8:21  Protoss Ground Weapons Level 1  
  107  8:24  Stalker x2  
  109  8:27  Stalker  
  111  8:44  Nexus  
  111  8:46  Zealot x3, Gateway  
  117  8:51  Observer  
  117  8:53  Zealot x3  
  121  8:57  Zealot  
  121  8:59  Pylon  
  121  9:13  Zealot x6  
  133  9:19  Zealot  
  133  9:20  Templar Archives  
  133  9:23  Observer, Pylon  
  135  9:36  Zealot x3  
  141  9:45  Pylon x2  
  141  9:48  Zealot x4  
  149  9:57  Zealot x4  
  151  10:10  Zealot x4, Psionic Storm  
  151  10:13  Protoss Ground Weapons Level 2  
  139  10:18  Zealot x2  
  139  10:19  Zealot x2  
  134  10:21  Probe x3  
  118  10:32  High Templar x4  
  118  10:33  Immortal  
  116  10:40  High Templar x4  
  118  10:53  Gateway  
  118  10:54  Gateway  
  118  11:05  Zealot x4  
  126  11:16  Zealot x4  
  132  11:23  Gateway, Pylon  
  132  11:24  Immortal  
  132  11:29  Zealot  
  132  11:30  Zealot x3  
  134  11:41  High Templar x4  
  134  11:43  Pylon  
  134  11:45  Archon x2  
  142  11:51  Zealot x6  
  152  12:03  Warp Prism  
  152  12:06  Photon Cannon  
  152  12:07  Shield Battery  
  150  12:21  Zealot x8  
  150  12:25  Archon  
  126  12:32  Zealot x3  
  126  12:41  High Templar x2  
  126  12:42  High Templar x4  
  126  12:43  High Templar x2, Immortal  
  142  12:46  Archon x3  
  138  13:01  Zealot  
  138  13:02  Zealot x2  
  144  13:07  Nexus  
  132  13:15  Zealot x7  
  132  13:18  Immortal  
  136  13:23  Sentry x4  
  136  13:38  Zealot x7  
  128  13:49  Zealot x4  
Show
View Real Time Build Order
Export as new Build Order

Lambo Zerg 

Build Orders: Hatch First, Roach Hydra 

Get SALT Encoding   

  12  0:00  Drone  
  13  0:07  Drone  
  14  0:15  Drone, Extractor  
  15  0:22  Overlord  
  15  0:44  Hatchery  
  15  0:46  Drone  
  15  0:50  Drone  
  15  0:55  Drone  
  17  0:58  Drone  
  18  1:10  Extractor  
  17  1:14  Spawning Pool  
  17  1:18  Drone  
  17  1:21  Drone  
  18  1:29  Drone  
  19  1:40  Drone  
  20  1:51  Drone  
  21  1:56  Drone  
  21  2:00  Queen  
  21  2:01  Queen  
  26  2:04  Overlord  
  26  2:09  Drone  
  26  2:13  Drone  
  26  2:15  Metabolic Boost  
  28  2:22  Drone  
  29  2:23  Drone  
  29  2:28  Drone  
  31  2:37  Hatchery  
  31  2:39  Zergling x2  
  31  2:41  Drone  
  32  2:46  Overlord  
  32  2:52  Queen  
  32  2:55  Drone  
  32  2:56  Drone  
  36  3:03  Queen  
  39  3:05  Drone  
  39  3:07  Drone  
  39  3:11  Overlord  
  40  3:14  Drone  
  40  3:15  Drone  
  40  3:19  Drone  
  43  3:22  Drone  
  44  3:29  Drone, Roach Warren  
  44  3:33  Drone  
  44  3:34  Drone  
  46  3:35  Queen  
  46  3:41  Overlord  
  48  3:45  Drone x2  
  48  3:47  Overlord, Extractor  
  49  3:54  Zergling x6  
  52  4:03  Drone  
  52  4:06  Spore Crawler, Overlord  
  52  4:08  Drone  
  53  4:11  Drone  
  54  4:18  Roach x4  
  54  4:19  Overlord  
  61  4:29  Roach x4  
  67  4:35  Evolution Chamber, Roach  
  68  4:41  Spore Crawler  
  68  4:45  Spore Crawler  
  66  4:47  Drone x7  
  66  4:52  Drone x2  
  75  4:53  Drone  
  75  4:58  Drone  
  75  4:59  Drone  
  78  5:00  Drone  
  78  5:03  Drone x3  
  78  5:04  Drone  
  83  5:10  Lair  
  83  5:12  Drone  
  83  5:13  Drone  
  85  5:15  Drone  
  85  5:20  Drone x3  
  89  5:22  Overlord  
  89  5:25  Extractor  
  89  5:26  Drone  
  89  5:32  Overlord  
  89  5:34  Overlord  
  89  5:41  Overlord, Extractor  
  89  5:42  Extractor  
  87  5:46  Drone x8  
  95  5:50  Extractor, Zerg Missile Weapons Level 1  
  95  5:51  Overlord x4  
  95  5:53  Overlord  
  95  5:55  Roach  
  96  5:59  Drone x2  
  96  6:01  Drone  
  99  6:09  Overlord  
  99  6:12  Glial Reconstitution  
  99  6:15  Roach  
  99  6:16  Overseer, Roach x2  
  99  6:17  Overlord  
  105  6:18  Hatchery  
  105  6:20  Overlord  
  105  6:24  Roach x2  
  108  6:30  Roach x4  
  116  6:33  Zergling x4  
  116  6:34  Ravager x5  
  116  6:38  Zergling x6  
  126  6:41  Zergling x2, Roach  
  126  6:45  Overlord  
  126  6:54  Zergling x2, Roach x6  
  126  7:01  Roach x4  
  138  7:06  Roach x2  
  138  7:08  Roach  
  127  7:14  Roach x5  
  128  7:16  Roach  
  128  7:20  Roach x3  
  128  7:22  Ravager x2  
  131  7:23  Zergling x4  
  131  7:26  Roach  
  131  7:28  Roach  
  127  7:30  Roach  
  127  7:34  Ravager  
  127  7:35  Ravager  
  127  7:37  Queen, Roach  
  127  7:40  Roach  
  127  7:43  Roach  
  122  7:49  Roach  
  122  7:50  Ravager  
  121  7:51  Queen x2  
  121  7:55  Ravager  
  121  7:56  Roach x2  
  130  8:01  Roach x2  
  133  8:06  Hydralisk Den, Zergling x2  
  133  8:14  Roach x3  
  135  8:24  Zergling x6  
  136  8:31  Ravager  
  135  8:34  Zergling x6  
  135  8:36  Grooved Spines  
  135  8:38  Pneumatized Carapace  
  137  8:42  Hydralisk  
  137  8:43  Hatchery, Hydralisk  
  137  8:46  Ravager  
  139  8:49  Hydralisk  
  139  8:54  Hydralisk x2  
  142  9:00  Hydralisk  
  144  9:02  Zergling x2  
  144  9:03  Zergling x16  
  144  9:04  Queen  
  144  9:05  Queen  
  144  9:07  Overlord  
  155  9:10  Hydralisk  
  155  9:17  Hydralisk  
  157  9:21  Zerg Missile Weapons Level 2, Overseer  
  159  9:24  Hydralisk  
  159  9:26  Muscular Augments, Zergling x2, Overlord  
  159  9:30  Overlord  
  162  9:34  Hydralisk x3  
  162  9:36  Overlord  
  167  9:42  Hydralisk x3  
  167  9:43  Overseer  
  173  9:48  Roach x3  
  173  9:51  Zergling x8  
  180  9:54  Overlord  
  180  9:57  Roach  
  177  10:02  Infestation Pit  
  177  10:03  Roach x2  
  177  10:05  Ravager  
  178  10:13  Roach  
  178  10:14  Roach x2  
  164  10:19  Roach x7  
  141  10:23  Hydralisk x2  
  141  10:28  Roach x2  
  134  10:32  Hydralisk  
  134  10:35  Hydralisk  
  123  10:41  Hydralisk  
  123  10:42  Hydralisk  
  119  10:49  Hydralisk x3  
  119  10:53  Drone x3, Overseer  
  119  10:55  Roach x4  
  136  11:00  Hydralisk  
  136  11:02  Roach  
  136  11:03  Roach  
  142  11:07  Hydralisk x2  
  146  11:12  Hydralisk  
  146  11:13  Roach  
  146  11:17  Roach x2  
  154  11:19  Hydralisk  
  154  11:23  Hydralisk  
  154  11:25  Roach x2  
  162  11:32  Roach x4  
  166  11:41  Drone x6  
  166  11:42  Extractor x2  
  170  11:47  Lurker Den  
  170  11:51  Drone  
  170  11:54  Spore Crawler  
  170  11:57  Spine Crawler, Roach x4  
  170  11:59  Roach x2  
  180  12:05  Roach  
  180  12:06  Roach x2  
  186  12:14  Roach x5  
  184  12:19  Roach x3  
  164  12:22  Roach  
  164  12:23  Roach x2  
  164  12:29  Roach x4  
  144  12:32  Hydralisk  
  144  12:33  Hydralisk  
  144  12:35  Hydralisk  
  136  12:38  Ravager  
  136  12:41  Ravager  
  137  12:44  Hive  
  137  12:45  Roach  
  137  12:51  Roach  
  141  12:54  Roach  
  141  12:55  Roach  
  137  12:58  Roach x2  
  137  12:59  Hatchery  
  137  13:03  Ravager  
  137  13:04  Ravager  
  137  13:05  Roach x3  
  144  13:09  Hydralisk x2  
  142  13:13  Hydralisk  
  142  13:17  Roach x2  
  142  13:19  Roach  
  142  13:22  Roach  
  142  13:24  Roach  
  126  13:28  Roach x2  
  126  13:29  Ravager  
  126  13:30  Ravager  
  126  13:33  Roach x2  
  132  13:37  Roach x2  
  132  13:39  Roach  
Tags
 
Add a new tag
Caveats
  • Supply blocks, unpowered buildings, or Contaminate may cause inaccurate times.
  • Supply counts are checked every 10 seconds.